 Dungeon Crawl Stone Soup version 0.21-a0-140-g479285b (webtiles) character file.

3484 Moloch the Cleaver (level 9, 0/71 HPs)
             Began as a Demonspawn Fighter on July 20, 2017.
             Was a Priest of Okawaru.
             Slain by a two-headed ogre
             ... wielding a +0 giant club
              (4 damage)
             ... on level 8 of the Dungeon.
             The game lasted 00:12:31 (8352 turns).

Moloch the Cleaver (Demonspawn Fighter)             Turns: 8352, Time: 00:12:32

Health: 0/71       AC: 13    Str: 17    XL:     9   Next: 79%
Magic:  0/9        EV:  4    Int:  9    God:    Okawaru [***...]
Gold:   352        SH:  9    Dex: 16    Spells: 8/8 levels left

rFire    . . .     SeeInvis .   a - +1 war axe
rCold    . . .     Gourm    .   c - +0 shield
rNeg     + + .     Faith    .   A - +0 chain mail
rPois    .         Spirit   +   G - +0 helmet
rElec    .         Reflect  .   (no cloak)
rCorr    .         Harm     .   (no gloves)
MR       .....                  (no boots)
Stlth    ..........             k - amulet of magic regeneration
HPRegen  0.21/turn              u - ring of positive energy
MPRegen  0.36/turn              l - ring of positive energy

@: no status effects
A: talons 1, icy blue scales 2, magic shield, rot immunity
a: Heroism, Renounce Religion


You were on level 8 of the Dungeon.
You worshipped Okawaru.
Okawaru was most pleased with you.
You were not hungry.

You visited 2 branches of the dungeon, and saw 10 of its levels.

You collected 352 gold pieces.

Inventory:

Hand Weapons
 a - a +1 war axe (weapon)
 y - a +0 flail
 B - a +0 blowgun
Missiles
 C - 31 poisoned needles
 J - 3 javelins of penetration (quivered)
Armour
 c - a +0 shield (worn)
 A - a +0 chain mail (worn)
 G - a +0 helmet (worn)
Jewellery
 k - an amulet of magic regeneration (around neck)
 l - a ring of positive energy (right hand)
 u - a ring of positive energy (left hand)
 M - an uncursed ring of fire
Wands
 h - a wand of iceblast (0/15)
 t - a wand of random effects (13/48)
 w - a wand of lightning (7/15)
 H - a wand of flame (29/48)
 K - a wand of enslavement (8/24)
 L - a wand of polymorph (7/24)
Scrolls
 e - 2 scrolls of remove curse
 m - a scroll of enchant armour {unknown}
 n - a scroll of magic mapping {unknown}
 o - a scroll of amnesia {unknown}
 q - 5 scrolls of enchant weapon
 r - 3 scrolls of fear {unknown}
 D - a scroll of teleportation {unknown}
 O - a scroll of immolation {unknown}
Potions
 b - 2 potions of lignification
 d - 2 potions of might
 j - 2 potions of heal wounds
 p - 2 potions of haste
 v - 4 potions of magic
 x - 2 potions of curing
 z - 3 potions of flight
 E - a potion of agility
 F - a potion of berserk rage
Comestibles
 f - 5 bread rations
 g - 2 fruits
 i - 3 meat rations
 s - 3 royal jellies


   Skills:
 + Level 6.4 Fighting
 * Level 11.7 Axes
 - Level 2.6 Armour
 - Level 2.6 Shields


You had 8 spell levels left.
You didn't know any spells.

Dungeon Overview and Level Annotations

Branches:
Dungeon (9/15)             Temple (1/1) D:5
   Lair: D:8-11         Orc: D:9-12

Altars:
Ashenzari
Cheibriados
Dithmenos
Elyvilon
Fedhas
Gozag
Hepliaklqana
Kikubaaqudgha
Makhleb
Nemelex Xobeh
Okawaru
Qazlal
Ru
Sif Muna
Trog
Uskayaw
Vehumet
Wu Jian
Xom
Yredelemnul
Zin
The Shining One

Shops:
D:4 *   D:6 }   D:8 =


Innate Abilities, Weirdness & Mutations

You have sharp toenails.
You are mostly covered in icy blue scales. (AC +3)
When hurt, damage is shared between your health and your magic reserves.
You are immune to rotting.


Message History

A gnoll sergeant and an orc come into view.
The gnoll sergeant is wielding a spear of venom.
The two-headed ogre hits you with a giant club! x2
* * * LOW HITPOINT WARNING * * *
You climb upwards.
There is a stone staircase leading down here.
Unknown command.
You hit the two-headed ogre but do no damage.
You claw the two-headed ogre, but do no damage.
The two-headed ogre is severely wounded.
The two-headed ogre hits you with a giant club.
* * * LOW HITPOINT WARNING * * *
The two-headed ogre hits you with a giant club!
* * * LOW HITPOINT WARNING * * *
Your shield and chain mail prevent you from hitting the two-headed ogre.
The two-headed ogre is severely wounded.
You slash the two-headed ogre!
The two-headed ogre is almost dead.
The two-headed ogre hits you with a giant club.
You die...

...##..#......................###
#####.##...#.......(.............
.......#####.##....####.<........
.......# #.#####....########.<.
.......# #.# #####............
.......#####.####...........##...
..................############...
.......#..........# ####
...>...#.......O@.#
.......#.......)..#
###################


You could see a two-headed ogre.

Vanquished Creatures
  A two-headed ogre (D:8)
  Psyche (D:8)
  A hippogriff (D:8)
  Sigmund (D:3)
  A wyvern (D:8)
  A wraith (D:8)
  A hungry ghost (D:8)
  Duvessa (D:7)
  An orc warrior (D:8)
  An ogre (D:4)
  3 centaurs
  Blork the orc (D:6)
  3 bullfrogs
  Dowan (D:7)
  A howler monkey (D:6)
  2 crimson imps
  A centaur zombie (D:5)
  4 hounds
  A centaur skeleton (D:8)
  2 jellies (D:8)
  An orc priest (D:4)
  2 orc wizards
  6 worker ants
  An iguana (D:4)
  Terence (D:3)
  A hound skeleton (D:5)
  13 gnolls
  7 adders
  A shadow imp (D:5)
  An ooze (D:1)
  An adder skeleton (D:8)
  2 worms
  3 dart slugs
  8 leopard geckos
  11 orcs
  3 giant cockroaches
  9 goblins
  5 hobgoblins
  12 jackals
  6 quokkas
  9 bats
  8 frilled lizards
  13 kobolds
  A quokka skeleton (D:8)
  A quokka zombie (D:6)
  5 rats
160 creatures vanquished.

Notes
Turn   | Place    | Note
-------+----------+-------------------------------------------
     0 | D:1      | Moloch the Demonspawn Fighter began the quest for the Orb.
     0 | D:1      | Reached XP level 1. HP: 18/18 MP: 1/1
    57 | D:1      | Reached skill level 2 in Axes
   119 | D:1      | Gained mutation: You have sharp toenails. [demonic ancestry]
   119 | D:1      | Reached XP level 2. HP: 19/24 MP: 2/2
   505 | D:1      | Gained mutation: When hurt, damage is shared between your health and your magic reserves. [demonic ancestry]
   505 | D:1      | Reached XP level 3. HP: 29/29 MP: 3/3
   752 | D:1      | Reached skill level 3 in Axes
  1659 | D:2      | Reached XP level 4. HP: 35/35 MP: 4/4
  2446 | D:2      | Reached skill level 4 in Axes
  2744 | D:3      | Noticed Sigmund
  2763 | D:3      | Killed Sigmund
  2763 | D:3      | Reached skill level 5 in Axes
  2763 | D:3      | Reached XP level 5. HP: 21/42 MP: 3/5
  2763 | D:3      | Gained mutation: You are partially covered in icy blue scales. (AC +2) [demonic ancestry]
  2763 | D:3      | Reached XP level 6. HP: 24/48 MP: 3/6
  2925 | D:3      | Found a shadowy altar of Dithmenos.
  3031 | D:3      | Noticed Terence
  3038 | D:3      | Killed Terence
  3603 | D:4      | Found a glowing golden altar of the Shining One.
  4146 | D:4      | Reached skill level 6 in Axes
  4562 | D:4      | Gained mutation: You are mostly covered in icy blue scales. (AC +3) [demonic ancestry]
  4562 | D:4      | Reached XP level 7. HP: 20/54 MP: 4/7
  4769 | D:4      | Found Zaluilaf's Assorted Antiques.
  4909 | D:5      | Entered Level 5 of the Dungeon
  4976 | D:5      | Reached skill level 7 in Axes
  4988 | D:5      | Found a sacrificial altar of Ru.
  5518 | D:5      | Found a staircase to the Ecumenical Temple.
  5523 | Temple   | Entered the Ecumenical Temple
  5532 | Temple   | Became a worshipper of Warmaster Okawaru
  6012 | D:6      | Found Naimy's Gadget Emporium.
  6277 | D:6      | Reached skill level 8 in Axes
  6277 | D:6      | Gained mutation: You are immune to rotting. [demonic ancestry]
  6277 | D:6      | Reached XP level 8. HP: 57/61 MP: 8/8
  6336 | D:6      | Noticed Blork the orc
  6346 | D:6      | Killed Blork the orc
  6633 | D:7      | Found an ancient bone altar of Kikubaaqudgha.
  6637 | D:7      | Noticed Duvessa
  6638 | D:7      | Noticed Dowan
  6655 | D:7      | Killed Duvessa
  6662 | D:7      | Reached skill level 5 in Fighting
  6666 | D:7      | Killed Dowan
  6892 | D:7      | Found an opulent altar of Gozag.
  6994 | D:7      | Reached skill level 9 in Axes
  7228 | D:8      | Noticed a hippogriff
  7246 | D:8      | Killed a hippogriff
  7246 | D:8      | Reached * piety under Okawaru
  7318 | D:8      | Found Sogiapad's Jewellery Shop.
  7392 | D:8      | Reached skill level 10 in Axes
  7392 | D:8      | Reached XP level 9. HP: 47/68 MP: 9/9
  7609 | D:8      | Found a stormy altar of Qazlal.
  7637 | D:8      | Noticed Psyche
  7677 | D:8      | Reached ** piety under Okawaru
  7699 | D:8      | Killed Psyche
  7982 | D:8      | Found a white marble altar of Elyvilon.
  8013 | D:8      | Reached skill level 11 in Axes
  8084 | D:9      | Noticed a two-headed ogre
  8089 | D:9      | Noticed a two-headed ogre
  8094 | D:8      | Killed a two-headed ogre
  8094 | D:8      | Reached *** piety under Okawaru
  8350 | D:8      | HP: 3/71 [two-headed ogre/giant club (9)]
  8352 | D:8      | Slain by a two-headed ogre

Vault maps used:
D:1:      roderic_crop_circles_arrival_small, minmay_misc_feat_doors
D:2:      lemuel_flame_loot_1
D:3:      grunt_dithmenos_smoke, serial_aquarium, aquarium_bridge_island_large,
          aquarium_bridge_straight, aquarium_window_3, aquarium_window_fake,
          aquarium_view_2f, aquarium_pool_five, uniq_terence, uniq_sigmund
D:4:      tso_metal_star, serial_shops, kennysheep_mini_moat,
          hangedman_decor_push
D:5:      minmay_temple_entry_nine_rooms, first_bread,
          nicolae_ru_sacrificial_ziggurat
D:6:      serial_shops, shop, lemuel_another_geyser, uniq_blork_the_orc
D:7:      grunt_gozag_breadcrumbs, kiku_gazebo_garden_becter, uniq_duvessa
D:8:      elyvilon_altar_5, grunt_qazlal_clouds, minmay_shop_grid_forest,
          uniq_psyche
D:9:      enter_bailey_7
Temple:   lightli_temple_of_artemis

Skill      XL: |  1  2  3  4  5  6  7  8  9 |
---------------+----------------------------+-----
Axes           | 2 3 5 6 8 10 11 | 11.7
Fighting       | 4 5 6 |  6.4
Armour         | |  2.6
Shields        | |  2.6

Action                   |  1- 3 |  4- 6 |  7- 9 || total
-------------------------+-------+-------+-------++-------
Melee: War axe           |   101 |   141 |   330 ||   572
       Kick              |    21 |    39 |   101 ||   161
Evoke: Wand              |       |       |     3 ||     3
  Use: Potion            |       |     1 |       ||     1
       Scroll            |       |     4 |     8 ||    12
  Eat: Chunk             |     2 |     9 |    14 ||    25
       Fruit             |       |       |     3 ||     3
Armor: Scale mail        |    40 |    23 |       ||    63
       Chain mail        |       |    38 |   204 ||   242
Dodge: Dodged            |    24 |    29 |    51 ||   104
Block: Shield            |    46 |    53 |   140 ||   239
